 Dungeon Crawl Stone Soup version 0.17-a0-1646-geb1493d (console) character file.

61513 Monkaria the Devastator (level 14, -14/88 HPs)
             Began as a Deep Elf Conjurer on Aug 11, 2015.
             Was a High Priest of Vehumet.
             Killed from afar by a storm dragon (glowing shapeshifter) (28 damage)
             ... with a bolt of lightning
             ... on level 14 of the Dungeon.
             The game lasted 01:27:55 (31179 turns).

Monkaria the Devastator (Deep Elf Conjurer)        Turns: 31179, Time: 01:27:55

Health: -14/88     AC: 16    Str:  7    XL:     14   Next: 60%
Magic:  3/46       EV: 19    Int: 27    God:    Vehumet [*****.]
Gold:   1408       SH:  0    Dex: 18    Spells: 10 memorised, 0 levels left

rFire  + . .     SeeInvis .     N - staff of conjuration
rCold  . . .     Clarity  .     v - +2 robe {rF+}
rNeg   . . .     SustAt   .     (no shield)
rPois  +         Gourm    .     b - +1 hat {Int+3}
rElec  .         Spirit   .     B - +2 cloak {rPois}
rCorr  +         Warding  .     t - +1 pair of gloves {Dex+3}
rMut   .         Rnd*Tele +     n - +0 pair of boots
MR     +....                    e - amulet of resist corrosion
Stlth  ++........               Z - ring of wizardry
                                k - ring of magical power

@: somewhat resistant to hostile enchantments, unstealthy
A: talons 1, icy blue scales 2, slimy green scales 1, blurry vision 3, dopey 1,
high mp 1, strong 1, teleportitis 2
a: Renounce Religion


You were on level 14 of the Dungeon.
You worshipped Vehumet.
Vehumet was extremely pleased with you.
You were very hungry.

You visited 4 branches of the dungeon, and saw 24 of its levels.
You also visited: Ice Cave.

You collected 1450 gold pieces.
You spent 42 gold pieces at shops.

Inventory:

Hand weapons
 z - a +1 blowgun
 P - a +1 scimitar of flaming
Missiles
 y - 2 throwing nets (quivered)
 A - 32 poisoned needles
 H - 6 javelins
Armour
 b - a +1 hat of intelligence (worn)
 i - a +1 robe of cold resistance
 n - a +0 pair of boots (worn)
 t - a +1 pair of gloves of dexterity (worn)
 v - a +2 robe of fire resistance (worn)
 B - a +2 cloak of poison resistance (worn)
Magical staves
 f - an uncursed staff of energy
 N - an uncursed staff of conjuration (weapon)
Jewellery
 d - an uncursed ring of ice
 e - an amulet of resist corrosion (around neck)
 k - a ring of magical power (left hand)
 D - an uncursed ring of fire
 I - an uncursed ring of see invisible
 Z - a ring of wizardry (right hand)
Magical devices
 u - a wand of hasting (3)
 E - a wand of draining (11)
 J - a wand of fireball (6)
 R - a wand of fire (7)
Scrolls
 a - a scroll of recharging
 m - 6 scrolls of teleportation
 p - 3 scrolls of fear
 q - a scroll of blinking
 K - 6 scrolls of remove curse
 S - 3 scrolls of fog
Potions
 g - 4 potions of curing
 h - 5 potions of invisibility
 j - 3 potions of brilliance
 l - a potion of lignification
 o - 4 potions of might
 r - a potion of flight
 x - a potion of ambrosia
 C - a potion of resistance
 G - 4 potions of berserk rage
 M - a potion of magic
 U - 3 potions of haste
 Y - a potion of heal wounds
Comestibles
 c - 11 bread rations
 s - a beef jerky


   Skills:
 - Level 10.2 Fighting
 - Level 10.3 Dodging
 - Level 2.4 Stealth
 + Level 14.6 Spellcasting
 - Level 15.4 Conjurations
 - Level 10.3 Transmutations
 - Level 4.0 Air Magic
 - Level 6.1 Poison Magic


You couldn't memorise any spells.
You knew the following spells:

 Your Spells              Type           Power        Failure   Level  Hunger
a - Magic Dart            Conj           ####         0%          1    None
b - Searing Ray           Conj           ######       0%          2    None
c - Iskenderun's Mystic   Conj           ########     1%          4    None
d - Iskenderun's Battles  Conj/Chrm      #######.     1%          5    #......
e - Spider Form           Trmt/Pois      ######....   1%          3    None
f - Blade Hands           Trmt           ######....   1%          5    #......
g - Ice Form              Ice/Trmt       #####...     1%          4    None
h - Poisonous Cloud       Conj/Pois/Air  #######...   1%          6    ####...
i - Freezing Cloud        Conj/Ice/Air   ######....   3%          6    ####...
j - Ozocubu's Refrigerat  Ice            ###.......   65%         6    ####...


Dungeon Overview and Level Annotations

Branches:
Dungeon (14/15)            Temple (1/1) D:6            Lair (7/8) D:9
 Shoals (0/4) Lair:3        Snake (0/4) Lair:4          Orc (2/4) D:9
 Vaults (0/5) D:14
  Slime: Lair:6-8

Altars:
Ashenzari
Cheibriados
Dithmenos
Elyvilon
Fedhas
Gozag
Kikubaaqudgha
Makhleb
Okawaru
Qazlal
Ru
Sif Muna
Trog
Vehumet
Xom
Yredelemnul
Zin

Shops:
D:11 *

Annotations:
D:14 Azrael
Lair:1 exclusion: oklob plant
Lair:7 exclusion: 3 oklob plants


Innate Abilities, Weirdness & Mutations

You have sharp toenails.
You are mostly covered in icy blue scales (AC +3, EV -1).
You are partially covered in slimy green scales (AC +2).
Scrolls take you much longer to read.
You are dopey. (Int -2)
You have an increased reservoir of magic (+10% MP).
Your muscles are strong. (Str +2)
You are sometimes teleported to nearby monsters.


Message History

Use which ability? (? or * to list)
You warm up again.
Your uncursed staff of conjuration unmelds from your body.
Your +2 cloak of poison resistance unmelds from your body.
Your +1 hat of intelligence unmelds from your body.
Your +1 pair of gloves of dexterity unmelds from your body.
Your +0 pair of boots unmelds from your body.
Your +2 robe of fire resistance unmelds from your body.
You feel resistant to poison.
You feel clever.
You feel agile.
You feel resistant to fire.
The black mamba changes into a soldier ant!
The deep elf mage misses you. The fire elemental misses you.
The fire elemental misses you. The fire elemental closely misses you.
The storm dragon breathes lightning at you.
The bolt of lightning hits the fire elemental.
The fire elemental resists.
The fire elemental is destroyed!
The bolt of lightning hits you!
You die...

#.. ... .# #...
... .#. #...
#.# ....
#....... ....#
#....#.###....#
+......#∩.....#
#....#e#y*...#
#.....@(D...#
#.....EEa...#
####
#...§§§§....#
...#
#...§§§.....#
...#
#....§§c.####
#### #....#c...
#.}..#cc...
#R...#......


You could see a storm dragon, Azrael (wandering), a queen bee shaped shifter, a
soldier ant shaped shifter, 2 fire elementals, a deep elf mage and 4 centaurs.

Vanquished Creatures
  Gastronok (Lair:2)
  Fannar (Orc:1)
  5 hydras
  A centaur warrior (D:14)
  A tengu warrior (D:13)
  6 death yaks (Lair:6)
  Urug (Lair:3)
  3 hill giants (D:13)
  3 griffons
  3 cyclopes
  8 elephants (Lair:6)
  2 sirens (Lair:3)
  8 black mambas
  Maurice (D:11)
  A guardian serpent (D:11)
  2 gargoyles
  14 spiny frogs
  10 komodo dragons
  An efreet (D:13)
  5 fire drakes
  A troll (D:7)
  3 polar bears
  A tengu conjurer (D:13)
  Grinder (D:3)
  5 slime creatures (D:13)
  2 two-headed ogres
  9 blink frogs
  2 wraiths
  2 basilisks
  43 yaks
  Grum (D:8)
  9 hippogriffs
  6 hungry ghosts
  A steam dragon (D:9)
  Edmund (D:5)
  A mottled dragon (D:13)
  2 nagas (Lair:4)
  14 porcupines
  11 water moccasins
  20 wolves
  5 ogres
  6 phantoms
  13 orc warriors
  2 necrophages
  10 ice beasts
  A wasp (D:8)
  A sky beast (D:10)
  3 black bears
  An eye of draining (shapeshifter) (D:13)
  9 crocodiles
  9 centaurs
  2 eyes of draining
  5 big kobolds
  11 giant frogs
  6 scorpions
  A wyvern skeleton (D:13)
  A water moccasin zombie (D:5)
  3 electric eels
  23 killer bees
  A quasit (D:5)
  3 wights (D:10)
  3 vampire bats (D:7)
  2 centaur zombies
  4 giant frog zombies
  4 crimson imps
  3 centaur skeletons
  Crazy Yiuf (D:3)
  18 orc priests
  6 jellies
  2 giant frog skeletons
  5 hounds
  8 iguanas
  Natasha (thrice) (D:3)
  24 orc wizards
  11 worker ants
  6 ogre zombies (D:9)
  A killer bee zombie (D:10)
  21 sheep
  A hound zombie (D:8)
  2 hound skeletons
  A worker ant zombie (D:10)
  Robin (D:3)
  61 river rats
  A shadow imp (D:8)
  20 adders
  An ooze (D:1)
  6 worms
  2 adder skeletons
  111 orcs
  8 ball pythons
  6 bats
  2 bat skeletons (D:7)
  3 bat zombies (D:7)
  3 giant cockroaches
  18 goblins
  7 hobgoblins
  11 jackals
  7 quokkas
  6 giant geckos
  3 giant gecko skeletons
  A giant gecko zombie (D:5)
  8 giant newts
  2 goblin skeletons (D:9)
  A goblin zombie (D:9)
  2 hobgoblin skeletons (D:9)
  A hobgoblin zombie (D:9)
  A jackal skeleton (D:4)
  A jackal zombie (D:5)
  16 kobolds
  4 orc skeletons (D:9)
  9 orc zombies (D:9)
  16 rats
  A fungus (Lair:7)
  3 plants
797 creatures vanquished.

Vanquished Creatures (collateral kills)
  A hippogriff (Lair:1)
  A crocodile (D:9)
  A giant frog skeleton (D:9)
  2 kobolds (D:9)
5 creatures vanquished.

Vanquished Creatures (others)
  A fire elemental (D:14)
  An iguana (D:9)
  13 fungi
  13 plants
  10 toadstools (Lair:1)
38 creatures vanquished.

Grand Total: 840 creatures vanquished

Notes
Turn   | Place    | Note
--------------------------------------------------------------
     0 | D:1      | Monkaria the Deep Elf Conjurer began the quest for the Orb.
     0 | D:1      | Reached XP level 1. HP: 10/10 MP: 6/6
    51 | D:1      | Reached XP level 2. HP: 15/15 MP: 0/8
   164 | D:1      | Reached skill level 5 in Conjurations
   520 | D:1      | Learned a level 2 spell: Searing Ray
   590 | D:2      | Reached XP level 3. HP: 19/19 MP: 3/9
   909 | D:2      | Reached skill level 6 in Conjurations
   915 | D:2      | Reached XP level 4. HP: 22/24 MP: 1/10
  1306 | D:2      | Found a glowing silver altar of Zin.
  1704 | D:3      | Reached skill level 7 in Conjurations
  1704 | D:3      | Reached XP level 5. HP: 24/28 MP: 9/11
  1953 | D:3      | Noticed Crazy Yiuf
  1958 | D:3      | Killed Crazy Yiuf
  2327 | D:3      | Noticed Robin
  2343 | D:3      | Killed Robin
  2343 | D:3      | Reached skill level 8 in Conjurations
  2343 | D:3      | Reached XP level 6. HP: 20/32 MP: 7/12
  2603 | D:3      | Found a sacrificial altar of Ru.
  2603 | D:3      | Noticed Natasha
  2606 | D:3      | Killed Natasha
  2704 | D:3      | Noticed Natasha
  2707 | D:3      | Killed Natasha
  2844 | D:3      | Noticed Natasha
  2855 | D:3      | Killed Natasha
  3182 | D:3      | Noticed Grinder
  3190 | D:3      | Paralysed by Grinder for 2 turns
  3207 | D:3      | Killed Grinder
  3207 | D:3      | Reached skill level 5 in Spellcasting
  3207 | D:3      | Reached XP level 7. HP: 29/36 MP: 7/17
  3448 | D:3      | You fall through a shaft!
  3465 | D:6      | Learned a level 4 spell: Iskenderun's Mystic Blast
  3471 | D:6      | Learned a level 5 spell: Iskenderun's Battlesphere
  3475 | D:6      | Learned a level 3 spell: Spider Form
  3486 | D:6      | Found a staircase to the Ecumenical Temple.
  3500 | Temple   | Entered the Ecumenical Temple
  3588 | Temple   | Became a worshipper of Vehumet
  3611 | D:6      | Found a shadowy altar of Dithmenos.
  3903 | D:6      | Found an iron altar of Okawaru.
  3917 | D:6      | Got a warped falchion
  4400 | D:6      | Reached skill level 9 in Spellcasting
  4468 | D:6      | Reached XP level 8. HP: 2/41 MP: 22/23
  4913 | D:5      | Entered Level 5 of the Dungeon
  4918 | D:5      | Reached skill level 10 in Spellcasting
  5032 | D:5      | Found a shattered altar of Ashenzari.
  5076 | D:5      | Identified the +5 falchion "Giantbane" {holy, Stlth+} (You found it on level 6 of the Dungeon)
  5147 | D:5      | Acquired Vehumet's first power
  5147 | D:5      | Offered knowledge of Shock by Vehumet.
  5176 | D:5      | Found a stormy altar of Qazlal.
  5298 | D:5      | Noticed Edmund
  5323 | D:5      | Killed Edmund
  5484 | D:5      | Found a bloodstained altar of Trog.
  6036 | D:4      | Reached skill level 10 in Conjurations
  7230 | D:5      | You fall through a shaft!
  7233 | D:7      | Reached XP level 9. HP: 45/45 MP: 20/25
  7243 | D:7      | Reached skill level 11 in Conjurations
  8018 | D:7      | Offered knowledge of Throw Flame by Vehumet.
  8032 | D:7      | Found an ancient bone altar of Kikubaaqudgha.
  8035 | D:7      | Reached skill level 12 in Conjurations
  8503 | D:7      | Reached skill level 13 in Conjurations
  9227 | D:8      | Noticed Grum
  9241 | D:8      | Killed Grum
  9241 | D:8      | Offered knowledge of Stone Arrow by Vehumet.
  9241 | D:8      | Reached skill level 5 in Dodging
  9243 | D:8      | Reached XP level 10. HP: 34/50 MP: 19/26
  9542 | D:8      | Acquired Vehumet's second power
 10113 | D:8      | Noticed a three-headed hydra
 10123 | D:8      | Offered knowledge of Throw Icicle by Vehumet.
 10131 | D:8      | Killed a three-headed hydra
 10131 | D:8      | Reached skill level 10 in Dodging
 10627 | D:9      | Reached skill level 1 in Transmutations
 10767 | D:9      | Found a staircase to the Orcish Mines.
 10780 | D:9      | Acquired Vehumet's third power
 10795 | D:9      | Offered knowledge of Airstrike by Vehumet.
 11344 | D:9      | Reached skill level 5 in Transmutations
 11457 | D:9      | Reached XP level 11. HP: 54/54 MP: 16/27
 12233 | D:9      | Offered knowledge of Lightning Bolt by Vehumet.
 12238 | D:9      | Found a staircase to the Lair.
 12243 | Lair:1   | Entered Level 1 of the Lair of Beasts
 12627 | Lair:1   | Found a frozen archway.
 12658 | Lair:1   | Reached skill level 10 in Transmutations
 12703 | IceCv    | Entered an ice cave
 12703 | IceCv    | Noticed Gehirnprothese's ghost (powerful DrBe)
 12988 | Lair:1   | Learned a level 5 spell: Blade Hands
 12997 | Lair:1   | Learned a level 4 spell: Ice Form
 13473 | Lair:1   | Reached skill level 1 in Fighting
 14157 | Lair:1   | Found a blossoming altar of Fedhas.
 14635 | D:9      | HP: 2/60 [komodo dragon (26)]
 15393 | D:9      | Reached skill level 5 in Fighting
 15555 | D:9      | Found a white marble altar of Elyvilon.
 15555 | D:9      | Found a burning altar of Makhleb.
 15557 | D:9      | Found a deep blue altar of Sif Muna.
 15668 | D:9      | Reached XP level 12. HP: 68/68 MP: 27/28
 15825 | D:10     | Entered Level 10 of the Dungeon
 16173 | D:10     | Gained mutation: You are partially covered in icy blue scales (AC +1). [mutagenic meat]
 16174 | D:10     | Gained mutation: You are occasionally teleported to nearby monsters. [mutagenic meat]
 16175 | D:10     | Gained mutation: You are dopey. (Int -2) [mutagenic meat]
 16176 | D:10     | Gained mutation: You have sharp toenails. [mutagenic meat]
 16177 | D:10     | Gained mutation: You have an increased reservoir of magic (+10% MP). [mutagenic meat]
 16178 | D:10     | Gained mutation: You are partially covered in slimy green scales (AC +2). [potion of mutation]
 16178 | D:10     | Gained mutation: Scrolls take you a little longer to read. [potion of mutation]
 16893 | D:11     | Gained mutation: Scrolls take you longer to read. [potion of mutation]
 16893 | D:11     | Gained mutation: Your flesh is heat resistant. [potion of mutation]
 16948 | D:11     | Noticed a seven-headed hydra
 16957 | D:11     | Killed a seven-headed hydra
 17100 | D:11     | Noticed Maurice
 17103 | D:11     | Killed Maurice
 17291 | D:11     | Noticed an eight-headed hydra
 17296 | D:11     | Killed an eight-headed hydra
 17362 | D:11     | Lost mutation: Your flesh is heat resistant. [mutagenic meat]
 17364 | D:11     | Gained mutation: Scrolls take you much longer to read. [mutagenic meat]
 17650 | D:11     | Found Xiukah's General Store.
 17658 | D:11     | Bought a potion of mutation for 42 gold pieces
 17658 | D:11     | Gained mutation: You are sometimes teleported to nearby monsters. [potion of mutation]
 17658 | D:11     | Gained mutation: Your muscles are strong. (Str +2) [potion of mutation]
 18578 | D:13     | Offered knowledge of Bolt of Draining by Vehumet.
 19028 | D:13     | Gained mutation: You are mostly covered in icy blue scales (AC +3, EV -1). [mutagenic meat]
 19458 | D:13     | Reached skill level 10 in Fighting
 20459 | Lair:2   | Noticed Gastronok
 20466 | Lair:2   | Killed Gastronok
 20466 | Lair:2   | Reached XP level 13. HP: 82/82 MP: 27/32
 21674 | Lair:3   | Noticed Urug
 21679 | Lair:3   | Killed Urug
 21982 | Lair:3   | Found a staircase to the Shoals.
 22798 | Lair:4   | Offered knowledge of Poisonous Cloud by Vehumet.
 22946 | Lair:4   | Learned a level 6 spell: Poisonous Cloud
 23104 | Lair:4   | Reached skill level 14 in Spellcasting
 23303 | Lair:4   | Reached skill level 1 in Poison Magic
 23495 | Lair:4   | Found a staircase to the Snake Pit.
 23921 | Lair:1   | Noticed a six-headed hydra
 23931 | Lair:1   | Killed a six-headed hydra
 24524 | Lair:5   | Reached skill level 5 in Poison Magic
 24908 | Lair:5   | Reached skill level 1 in Air Magic
 25568 | Lair:6   | Offered knowledge of Freezing Cloud by Vehumet.
 25982 | Lair:6   | Reached XP level 14. HP: 52/88 MP: 28/37
 27784 | Lair:7   | Learned a level 6 spell: Freezing Cloud
 27934 | Lair:7   | Offered knowledge of Ozocubu's Refrigeration by Vehumet.
 28158 | Lair:7   | Reached skill level 15 in Conjurations
 29287 | Orc:1    | Entered Level 1 of the Orcish Mines
 29287 | Orc:1    | Noticed Fannar
 29294 | Orc:1    | Killed Fannar
 31162 | D:14     | Learned a level 6 spell: Ozocubu's Refrigeration
 31173 | D:14     | Found a gate to the Vaults.
 31176 | D:14     | Noticed a storm dragon
 31179 | D:14     | Noticed Azrael
 31179 | D:14     | Killed from afar by a storm dragon (glowing shapeshifter)

Vault maps used:
D:1:      moated_graveyard_arrival, minmay_misc_feat_secret_circle
D:2:      kennysheep_big_flooded_room, overflow_temple_1_default,
          minmay_snake_closets
D:3:      lemuel_round_altar, kennysheep_boxes, uniq_robin, uniq_grinder,
          uniq_natasha, uniq_crazy_yiuf_cottage
D:4:      grunt_ministairs_6
D:5:      nicolae_qazlal_style_of_elements, evilmike_ruin_ashenzari,
          kennysheep_mini_moat, first_bread, st_stairs_13, uniq_edmund
D:6:      okawaru_ov_weapons_minmay, nicolae_overflow_crystal_walls,
          minmay_temple_entry_purple_smoke, portal_sewer_entry_e
D:7:      kennysheep_vampire_church
D:8:      hangedman_ranch, uniq_grum
D:9:      minitemple, erik_lair_dragon, zombieorc1_lemuel
D:11:     serial_shops, shop, nrook_guardian_serpent_double, uniq_maurice
D:14:     david_vaults_2, serial_shops, kennysheep_mini, cheibriados_altar_1,
          uniq_agnes, uniq_sonja, uniq_azrael
Temple:   nicolae_temple_figure_zero
Lair:1:   portal_ice_cave_entry_ice_beasts, serial_bayou_lagoon_a, tgw_fedhas,
          serial_bayou_shore_b
Lair:2:   minivault_11, grunt_forest_large_clearings, uniq_gastronok
Lair:3:   elwin_shoals_entry_rooms, minivault_23, uniq_urug
Lair:4:   guppyfry_snake_entry_garden, columned_hall_lemuel, st_stairs_11,
          roderic_lost_polar_bear
Lair:5:   boulder_quad_collide, nicolae_quartered_pool_medium
Lair:6:   lookout_lair_type
Lair:7:   minmay_slime_entry_oklob_enclosed, serial_bayou_shore_b
Orc:1:    uniq_fannar
Orc:2:    nicolae_orc_accident_3
IceCv:    ice_cave_small_dragons

Action                   |  1- 3 |  4- 6 |  7- 9 | 10-12 | 13-15 || total
-------------------------+-------+-------+-------+-------+-------++-------
Melee: Unarmed           |       |     7 |     5 |    14 |    14 ||    40
       Falchion          |       |       |     2 |    27 |       ||    29
       Staff             |       |       |       |     6 |    26 ||    32
       Scimitar          |       |       |       |       |     2 ||     2
 Cast: Magic Dart        |    58 |   106 |   159 |   145 |    47 ||   515
       Searing Ray       |       |    23 |    61 |   120 |   109 ||   313
       Iskenderun's Myst |       |       |    23 |   207 |   304 ||   534
       Iskenderun's Batt |       |       |     4 |    15 |    15 ||    34
       Spider Form       |       |       |     2 |     1 |       ||     3
       Ice Form          |       |       |       |     1 |     3 ||     4
       Poisonous Cloud   |       |       |       |       |     3 ||     3
       Freezing Cloud    |       |       |       |       |     1 ||     1
 Abil: End Transformatio |       |       |       |       |     1 ||     1
Evoke: Wand              |       |       |       |     4 |       ||     4
  Use: Scroll            |       |       |    17 |    14 |     8 ||    39
       Potion            |       |       |     2 |     5 |     2 ||     9
  Eat: Chunk             |       |     7 |    14 |    48 |    26 ||    95
       Beef jerky        |       |       |     1 |     1 |       ||     2
       Meat ration       |       |       |     1 |       |       ||     1
       Pizza             |       |       |       |     1 |       ||     1
       Bread ration      |       |       |       |     1 |     1 ||     2
